 Dungeon Crawl Stone Soup version 0.15.2 (webtiles) character file.

154 Aargh the Covered (level 5, -7/46 HPs)
             Began as a Minotaur Fighter on Nov 16, 2014.
             Killed by divine providence
             ... invoked by an orc priest
              (10 damage)
             ... on Level 3 of the Dungeon.
             The game lasted 00:07:28 (1233 turns).

Aargh the Covered (Minotaur Fighter)                Turns: 1233, Time: 00:07:28

HP  -7/46        AC  7     Str 20      XL: 5   Next: 13%
MP   2/2         EV  7     Int  6      God:
Gold 92          SH 10     Dex 10      Spells:  0 memorised,  4 levels left

rFire  . . .     SeeInvis .     a - +0 war axe
rCold  . . .     Clarity  .     b - +0 scale mail
rNeg   . . .     rCorr    .     c - +1 shield
rPois  .         rRot     .     (helmet restricted)
rElec  .         Spirit   .     (no cloak)
SustAb .         Warding  .     (no gloves)
rMut   .         Stasis   .     (no boots)
Gourm  .                        (no amulet)
MR     .....                    (no ring)
                                (no ring)

@: not resistant to hostile enchantments, extremely unstealthy
A: retaliatory headbutt, horns 2
a: no special abilities


You were on level 3 of the Dungeon.
You were not hungry.

You visited 1 branch of the dungeon, and saw 3 of its levels.

You collected 92 gold pieces.


Innate Abilities, Weirdness & Mutations

You reflexively headbutt those who attack you in melee.
You have a pair of horns on your head.


   Skills:
 + Level 4.2 Fighting
 + Level 3.8 Axes
 + Level 4.7 Armour
 + Level 1.5 Stealth
 + Level 4.5 Shields


You had 4 spell levels left.
You didn't know any spells.

Dungeon Overview and Level Annotations

Branches:
Dungeon (3/15)

Altars:
Elyvilon

Inventory:

Hand weapons
 a - a +0 war axe (weapon)
 l - a +0 mace
   (You found it on level 1 of the Dungeon)
Missiles
 n - 2 poisoned needles
 q - 15 stones (quivered)
 t - 23 bolts
 v - a throwing net {!f, !d}
 z - 12 poisoned sling bullets
Armour
 b - a +0 scale mail (worn)
 c - a +1 shield (worn)
Comestibles
 d - a bread ration
 g - a rotting chunk of adder flesh
 h - 4 chunks of ogre flesh
 p - 2 meat rations
 w - 2 beef jerkies
Scrolls
 f - 3 scrolls of identify {unknown}
 i - a scroll of blinking {unknown}
 s - 3 scrolls of remove curse
Jewellery
 o - a cursed ring of teleportation {unknown}
   (You found it on level 2 of the Dungeon)
Potions
 e - a potion of might

#.[ ...o...# ..#
........ #.#
#........####.##
.......o. ......#
......... ##....#
#....#.###.....#
#....o........#
#...@........#####
##..(......).....#
##..........###.#
##..........##.#
#..........##.#
#..........##)#
#..........##.#
#.............#
#.........<####


You could see 2 orc priests and an orc.

Action                   |  1- 3 |  4- 6 || total
-------------------------+-------+-------++-------
Melee: War axe           |    66 |     2 ||    68
  Use: Potion            |     5 |       ||     5
       Scroll            |     4 |       ||     4
  Eat: Chunk             |     1 |     1 ||     2

Vault maps used:
D:1:      erik_arrival_cave_to_civilisation
D:2:      overflow_temple_1_default
D:3:      first_bread, portal_sewer_entry_b, minmay_parallelograms,
          nicolae_dithmenos_through_a_glass_darkly

Notes
Turn   | Place    | Note
--------------------------------------------------------------
     0 | D:1      | Aargh, the Minotaur Fighter, began the quest for the Orb.
     0 | D:1      | Reached XP level 1. HP: 19/19 MP: 1/1
   199 | D:1      | Reached skill level 4 in Armour
   199 | D:1      | Reached XP level 2. HP: 26/26 MP: 1/1
   536 | D:1      | Reached skill level 4 in Shields
   835 | D:2      | Reached XP level 3. HP: 28/33 MP: 2/2
   907 | D:2      | Found a white marble altar of Elyvilon.
   925 | D:2      | Reached skill level 3 in Axes
  1003 | D:2      | Reached skill level 1 in Stealth
  1203 | D:3      | Noticed an ogre
  1211 | D:3      | Killed an ogre
  1211 | D:3      | Reached skill level 4 in Fighting
  1211 | D:3      | Reached XP level 4. HP: 20/40 MP: 2/2
  1211 | D:3      | Reached XP level 5. HP: 23/46 MP: 2/2
  1232 | D:3      | HP: 6/46 [orc priest/divine providence (9)]
  1233 | D:3      | Killed from afar by an orc priest

Vanquished Creatures
  An ogre (D:3)
  4 adders (D:2)
  A worm (D:2)
  2 giant geckos (D:1)
  An orc (D:3)
  3 bats (D:1)
  4 giant cockroaches (D:1 D:2)
  2 hobgoblins (D:1 D:3)
  3 jackals (D:1)
  2 kobolds (D:1 D:2)
  An ooze (D:2)
  2 goblins (D:1 D:2)
  2 rats (D:1 D:2)
28 creatures vanquished.

Vault maps used:
D:1:      erik_arrival_cave_to_civilisation
D:2:      overflow_temple_1_default
D:3:      first_bread, portal_sewer_entry_b, minmay_parallelograms,
          nicolae_dithmenos_through_a_glass_darkly

Table legend:
 A = Turns spent in this place as a percentage of turns spent in the entire game.
 B = Non-inter-level travel turns spent in this place as a percentage of non-inter-level travel turns spent in the entire game.
 C = Inter-level travel turns spent in this place as a percentage of turns spent in this place.
 D = Turns resting spent in this place as a percentage of non-inter-level travel turns spent in this place.
 E = Turns spent auto-exploring this place as a percentage of non-inter-level travel turns spent in this place.
 F = Non-inter-level travel turns spent in this place divided by the number of levels of this place that you've seen.
                   A       B       C       D       E      F
               +-------+-------+-------+-------+-------+----------------------
         Total | 100.0 | 100.0 |   0.3 |   3.2 |  12.3 | 102.7
       Dungeon | 100.0 | 100.0 |   0.3 |   3.2 |  12.3 | 102.7
               +-------+-------+-------+-------+-------+----------------------

Table legend:
 A = Kills in this place as a percentage of kills in entire the game.
 B = Kills by you in this place as a percentage of kills by you in the entire game.
 C = Kills by friends in this place as a percentage of kills by friends in the entire game.
 D = Other kills in this place as a percentage of other kills in the entire game.
 E = Experience gained in this place as a percentage of experience gained in the entire game.
 F = Experience gained in this place divided by the number of levels of this place that you have seen.
                   A       B       C       D       E      F
               +-------+-------+-------+-------+-------+----------------------
         Total | 100.0 | 100.0 |  -nan |  -nan | 100.0 |  73.3
       Dungeon | 100.0 | 100.0 |  -nan |  -nan | 100.0 |  73.3
               +-------+-------+-------+-------+-------+----------------------
